 Dungeon Crawl Stone Soup version 0.27.1 (webtiles) character file.

Game seed: 11135931034908272242

21 MacCMillion the Chiller (level 2, 19/19 HPs)
             Began as a Merfolk Ice Elementalist on Aug 22, 2021.
             Was a Follower of Cheibriados.
             Quit the game on level 1 of the Dungeon.
             The game lasted 00:02:47 (1005 turns).

MacCMillion the Chiller (Merfolk Ice Elementalist)  Turns: 1005, Time: 00:02:47

Health: 19/19      AC:  3    Str: 10    XL:     2   Next: 83%
Magic:  5/5        EV: 13    Int: 16    God:    Cheibriados [*.....]
Gold:   72         SH:  0    Dex: 16    Spells: 4/5 levels left

rFire    . . .     SeeInvis .   e - +0 short sword
rCold    . . .     Faith    .   (no shield)
rNeg     . . .     Spirit   .   a - +0 robe
rPois    .         Reflect  .   (no helmet)
rElec    .         Harm     .   (no cloak)
rCorr    .         Rampage  .   (no gloves)
Will     .....                  f - +0 pair of boots
Stlth    ++........             (no amulet)
HPRegen  0.06/turn              (no ring)
MPRegen  0.09/turn              (no ring)

@: very slow
A: (nimble swimmer 2), mertail
a: Renounce Religion, Bend Time


You were on level 1 of the Dungeon.
You worshipped Cheibriados.
Cheibriados was aware of your devotion.
You visited 1 branch of the dungeon, and saw 1 of its levels.

You collected 72 gold pieces.

Inventory:

Hand Weapons
 e - a +0 short sword (weapon)
Armour
 a - a +0 robe (worn)
 f - a +0 pair of boots (worn)
Scrolls
 c - 3 scrolls of identify {unknown}
 g - a scroll of fear {unknown}
Potions
 b - a potion of degeneration {unknown}
 d - a potion of might {unknown}


   Skills:
 - Level 3.0 Dodging
 - Level 2.2 Stealth
 - Level 2.1 Spellcasting
 + Level 5.1 Ice Magic


You had 4 spell levels left.
You knew the following spells:

 Your Spells              Type           Power      Damage    Failure   Level
a - Freeze                Ice            72%        1d9       2%          1

Your spell library contained the following spells:

 Spells                   Type           Power      Damage    Failure   Level
 Frozen Ramparts          Ice            36%        1d5       8%          3
 Ozocubu's Armour         Ice            18%        N/A       8%          3
 Hailstorm                Conj/Ice       9%         3d4       58%         4


Dungeon Overview and Level Annotations

Branches:
Dungeon (1/15)

Altars:
Cheibriados


Innate Abilities, Weirdness & Mutations

((You are quick and stealthy near water. (Stealth+, EV+, Speed+++)))
Your lower body shifts to a powerful aquatic tail in water.


Message History

You now have 69 gold pieces (gained 18).
You open the door.
There is an open door here.
g - a scroll labelled LIBBISK CELE You open the door.
There is an open door here.
Found a hunting sling.
You see here a +0 hunting sling.
There is an open door here.
There is a stone staircase leading down here.
There is a stone staircase leading down here.
Found 3 gold pieces.
Found a faded altar of an unknown god.
Your legs become a tail as you enter the water.
Your +0 pair of boots melds into your body.
Your +0 pair of boots unmelds from your body.
You now have 70 gold pieces (gained 1).
There is a faded altar of an unknown god here.
Your legs become a tail as you enter the water.
Your +0 pair of boots melds into your body.
You now have 71 gold pieces (gained 1).
You now have 72 gold pieces (gained 1).
Your +0 pair of boots unmelds from your body.
A rat comes into view.
A rat is nearby!
You freeze the rat.
You kill the rat!
Your legs become a tail as you enter the water.
Your +0 pair of boots melds into your body.
Your +0 pair of boots unmelds from your body.
There is a faded altar of an unknown god here.
You cannot tell which god this altar belongs to.
Convert to them anyway?
Cheibriados accepts your prayer! Cheibriados welcomes you!
Cheibriados begins to support your attributes as your movement slows.
You can now bend time to slow others.
Cheibriados is now slowing the effects of poison on you.
Cheibriados raises the support of your attributes as your movement slows.
Unknown command.
Press < or > to pray at altars.
Are you sure you want to abandon this character and quit the game? (Confirm with "yes".)

.## ####....#......#....# #.#
..# #.......#.........### #.#
..###.......#......#### #.#
>..................# #.#
#####.......#......########.#
#.# #............#.......##.#
..# ###.....##.....## #.##.#
#.# #.....##.≈≈≈.# #.##.# #.#
#.######.≈@≈.# #.##.# #.# #.#
#.≈≈≈.# #.##.# ..# #.#
#.....# #.##.#
#######.########.#######.##.#
.........................##.#
#######.#########.#########.#
#.# #.# #.# #.# #.# #.#
#.#########.# #.#


There were no monsters in sight!

Vanquished Creatures
  A dart slug (D:1)
  4 ball pythons (D:1)
  An endoplasm (D:1)
  A giant cockroach (D:1)
  2 hobgoblins (D:1)
  2 jackals (D:1)
  2 kobolds (D:1)
  A frilled lizard (D:1)
  3 rats (D:1)
17 creatures vanquished.

Notes
Turn   | Place    | Note
-------+----------+-------------------------------------------
     0 | D:1      | MacCMillion the Merfolk Ice Elementalist began the quest
                  | for the Orb.
     0 | D:1      | Reached XP level 1. HP: 13/13 MP: 3/3
   219 | D:1      | Reached XP level 2. HP: 19/19 MP: 3/5
   630 | D:1      | Reached skill level 5 in Ice Magic
   959 | D:1      | Found a faded altar of an unknown god.
  1004 | D:1      | Became a worshipper of Cheibriados the Contemplative
  1004 | D:1      | Reached * piety under Cheibriados
  1005 | D:1      | Quit the game

Illustrated notes

Levels and vault maps discovered:
D:1:      evilmike_arrival_hilbert_curve, layout_basic,
          hellmonk_ecumenical_altar_pennies_from_heaven

Skill      XL: |  1  2 |
---------------+-------+-----
Dodging        | 3 |  3.0
Ice Magic      | 5 |  5.1
Stealth        | |  2.2
Spellcasting   | |  2.1

Action                   || total
-------------------------++-------
Melee: Unarmed           ||     4
       Short sword       ||     2
 Cast: Freeze            ||    26
Armor: Robe              ||     2
Dodge: Dodged            ||    14
